Celery, chaotic female sylph Rogue ----------- ----- ##-.........| |...| --------------- # |.........| |....#####..............|### |.........| |...| |rlj..........|# ---------.- |...-#####|drh....).....|# #### --------- -.-|- #kfE_..........|# # |.......| #### #------------|--# ## ----- |..<....| ### ####################### -.--- #### ###....| ##........| ##### # # # |...| # |...| # |.......| ## # # ### # |...-######## |..(-#### |.......| ################## # |...| # |...| |.......| ----.--|- --.-.----# ----- ##....| --------- |.......| |..>....|# ----- |.......| |.......|# |.......| |.......|# --------- |...[...+# --------- Celery the Cutpurse Experience level: 4 Strength: 16 Dexterity: 20 Constitution: 13 Intelligence: 10 Wisdom: 11 Charisma: 9 Health: 0(34) Energy: 25(25) Def: 0 Gold: 0 Moves: 3101 Dungeon seed: zG0G2q314RJNT2hP Game ID: Celery_1471351467 Your Inventory: Weapons b - 12 uncursed +0 daggers (in quiver) m - an uncursed +0 elven dagger (weapon in hand) Armor e - an uncursed +1 leather armor N - an uncursed +0 pair of levitation boots Comestibles o - an uncursed lichen corpse S - an uncursed tripe ration Rings D - an uncursed ring of polymorph control (on left hand) Wands h - an uncursed wand of opening (0:3) l - an uncursed wand of nothing (0:4) t - an uncursed wand of enlightenment (0:13) F - an uncursed wand of undead turning (0:3) R - an uncursed wand of digging (0:6) Tools d - an uncursed lock pick f - an uncursed sack g - an uncursed blindfold B - an uncursed leash Gems n - 2 uncursed chrysoberyl stones q - an uncursed worthless piece of orange glass Contents of the sack: 357 gold pieces 2 uncursed scrolls of enchant weapon a blessed scroll of punishment a cursed scroll of water an uncursed spellbook of force bolt an uncursed spellbook of sleep an uncursed potion of gain ability an uncursed potion of gain energy an uncursed potion of healing 2 uncursed potions of sickness Spells and supernatural/magical abilities: Name Level Category Fail Memory W - pray for help -- divine ? -- Your skills at the end: Miscellaneous Skills wands [Basic] Weapon Skills dagger [Basic] short sword [Basic] Spellcasting Skills healing spells [Basic] Final Attributes: You were piously aligned. You saw invisible. You were stealthy. You were protected from shape changers. You had polymorph control. You were lucky. You are dead. Vanquished creatures: a shrieker a kobold lord an iguana a coyote 2 hobbits a gecko a hobgoblin 2 giant rats 3 brown molds a yellow mold a green mold a gnome 3 jackals a kobold 9 newts 4 sewer rats 13 grid bugs 11 lichens a kobold zombie 58 creatures vanquished. Genocided species: master mind flayers 1 species genocided. Voluntary challenges: You followed a strict vegan diet. You used a wielded weapon 56 times, starting on turn 14. You did not apply a unicorn horn. You read items or engraved 12 times, starting on turn 146. You genocided 1 type of monster, starting on turn 1411. You never polymorphed an object. You never changed form. You used no wishes. You never split a pudding. You never wrote Elbereth's name. You never violated your personal moral code. Dungeon overview: The Dungeons of Doom: levels 1 to 4 Level 1 <- You were here an altar to Kos a long staircase Level 2 a general store, a sink Level 3 Level 4 a fountain a long staircase History has recorded: On T:1 you entered the Dungeons of Doom to retrieve the Amulet of Yendor! On T:323 you reached level 2 of The Dungeons of Doom. On T:1329 you advanced to experience level 2. On T:1513 you advanced to experience level 3. On T:1580 you reached level 3 of The Dungeons of Doom. On T:2066 you reached level 4 of The Dungeons of Doom. On T:2162 you advanced to experience level 4. Score breakdown: Gold: 357 ( 35 points) Experience: 4 levels ( 300 points) Exploration: 4 levels ( 90 points) Discoveries: 13 items ( 650 points) Variety of kills: 19 monsters ( 950 points) Major goal: (nothing yet) ( 0 points) Survival: died (score multiplied by 3) Total score: 6075 Latest messages: The grid bug is killed! You cannot escape from the lichen! The giant rat bites! The coyote bites! You cannot escape from the lichen! The kobold punches you! The giant rat bites! The coyote bites! The gecko bites! You cannot escape from the lichen! The coyote bites! Taco bites the lichen. The lichen is killed! You kill the lichen! The kobold punches you! The giant rat bites! The coyote bites! The gecko bites! o - a lichen corpse. Taco misses the kobold. Taco bites the kobold. The kobold is killed! You kill the gecko! The hobbit punches you! The coyote bites! You die... Final status: Goodbye Celery the Rogue, killed by a coyote... You died in The Dungeons of Doom on dungeon level 1 with 6075 points, and 357 pieces of gold, after 3101 moves. You were level 4 with a maximum of 34 hit points when you died.